 Dungeon Crawl Stone Soup version 0.28.0-53-g5a82cb258f (webtiles) character file.

Game seed: 15960885668679339414

643 Godmorgon the Basher (level 7, -9/64 HPs)
             Began as a Minotaur Fighter on Aug 14, 2022.
             Mangled by an ogre
             ... wielding a +0 giant spiked club
              (24 damage)
             ... on level 4 of the Dungeon.
             The game lasted 00:09:33 (3588 turns).

Godmorgon the Basher (Minotaur Fighter)             Turns: 3588, Time: 00:09:34

Health: -9/64      AC:  9    Str: 23    XL:     7   Next: 26%
Magic:  6/6        EV: 22    Int:  5    God:
Gold:   122        SH:  5    Dex: 15    Spells: 6/6 levels left

rFire   . . .      SeeInvis .   a - +0 flail
rCold   . . .      Faith    .   c - +0 buckler
rNeg    . . .      Spirit   .   s - +0 chain mail
rPois   .          Reflect  .   (helmet restricted)
rElec   .          Harm     .   (no cloak)
rCorr   .          Rampage  .   (no gloves)
Will    .....                   (no boots)
Stlth   ..........              j - amulet of the acrobat
HPRegen 0.20/turn               k - +6 ring of dexterity
MPRegen 0.10/turn               (no ring)

@: acrobatic
A: horns 2, retaliatory headbutt
a: no special abilities


You were on level 4 of the Dungeon.
You visited 1 branch of the dungeon, and saw 4 of its levels.

You collected 122 gold pieces.

Inventory:

Hand Weapons
 a - a +0 flail (weapon)
 n - the +7 rapier "Deorhue" {elec, +Blink Fly rElec Int+2}
   (You found it on level 3 of the Dungeon)

   It occasionally discharges a powerful burst of electricity upon striking a
   foe.
   Int:       It affects your intelligence (+2).
   rElec:     It insulates you from electricity.
   Fly:       It grants you flight.
   +Blink:    It lets you blink.
Missiles
 l - 3 poisoned darts (quivered)
Armour
 c - a +0 buckler (worn)
 s - a +0 chain mail (worn)
Jewellery
 j - an amulet of the acrobat (around neck)
 k - a +6 ring of dexterity (left hand)
 o - an amulet of faith
Wands
 p - a wand of flame (11)
Scrolls
 d - a scroll of fog {unknown}
 f - 2 scrolls of teleportation {unknown}
 h - 3 scrolls of identify {unknown}
 i - a scroll of immolation {unknown}
 m - a scroll of noise {unknown}
 q - a scroll of holy word {unknown}
Potions
 e - 3 potions of degeneration {unknown}
 g - a potion of haste {unknown}
 r - a potion of heal wounds {unknown}


   Skills:
 + Level 6.4 Fighting
 * Level 8.0 Maces & Flails
 - Level 3.8 Armour
 - Level 3.9 Shields


You had 6 spell levels left.
You didn't know any spells.
Your spell library was empty.

Dungeon Overview and Level Annotations

Branches:
Dungeon (4/15)
 Temple: D:4-7

Altars:
Yredelemnul

Shops:
D:2 !

Annotations:
D:4 1 exclusion, Grinder


Innate Abilities, Weirdness & Mutations

You have a pair of horns on your head.
You reflexively headbutt those who attack you in melee.


Message History

A gnoll comes into view. It is wielding a +0 club.
There is an open door here.
You closely miss the orc. Your headbutt misses the orc.
You block the orc's attack.
The gnoll shouts!
You hit the orc.
The orc is lightly wounded.
The orc hits you with a +0 flail.
You sock the orc!
You kill the orc!
Throw: 6 darts (poison)
Press: ? - help, Q - select action, (/) - cycle Shift-Dir - straight line, f - ogre
Aim: an ogre, wielding a +0 giant spiked club (76% to hit)
You throw a poisoned dart. The poisoned dart hits the ogre.
The ogre hits you with a +0 giant spiked club!
There is an open door here.
Items here: )))) [[[[ | †.
Throw: 5 darts (poison)
Press: ? - help, Q - select action, (/) - cycle Shift-Dir - straight line, f/p - ogre
Aim: an ogre, wielding a +0 giant spiked club (76% to hit)
You throw a poisoned dart. The poisoned dart hits the ogre.
The ogre is poisoned.
The ogre hits you with a +0 giant spiked club!
Throw: 4 darts (poison)
Press: ? - help, Q - select action, (/) - cycle Shift-Dir - straight line, f/p - ogre
Aim: an ogre, wielding a +0 giant spiked club (poisoned, 76% to hit)
You throw a poisoned dart. The poisoned dart hits the ogre.
The ogre looks even sicker.
The ogre hits you with a +0 giant spiked club!!
Ouch! That really hurt!
* * * LOW HITPOINT WARNING * * *
There is an open door here.
The ogre looks more healthy.
Things that are here:
a +2 robe of willpower; a +0 dagger
Things that are here:
a +0 dagger; an orc skeleton
There is a stone staircase leading up here.
The ogre hits you with a +0 giant spiked club!!
You die...

###........#
5...######## ....
##### #####..####
#...#..#..# .g.#
#...#..#..# .O.#
###### #.........#
..o .....#
#.........# .. .....#
#.........# . .
.....# #.....@...#
#..###
.....######....O....#
#....
..............g.....#
#.
....................#
##
####................#
#.......##########
#.......# #......g#
#.......#


You could see an ogre and a gnoll.

Vanquished Creatures
  Sigmund (D:2)
  Menkaure (D:4)
  A phantom (D:4)
  A water moccasin skeleton (D:4)
  Natasha (thrice) (D:3)
  An iguana (D:4)
  2 orc wizards (D:4)
  2 adders
  An ufetubus (D:4)
  2 worms (D:2)
  A dart slug (D:2)
  8 orcs
  2 bats
  5 endoplasms
  A giant cockroach (D:4)
  7 goblins
  2 hobgoblins
  7 jackals
  6 ball pythons
  A frilled lizard (D:3)
  2 kobolds
  3 rats
60 creatures vanquished.

Notes
Turn   | Place    | Note
-------+----------+-------------------------------------------
     0 | D:1      | Godmorgon the Minotaur Fighter began the quest for the Orb.
     0 | D:1      | Reached XP level 1. HP: 19/19 MP: 0/0
   494 | D:1      | Reached XP level 2. HP: 21/27 MP: 1/1
   721 | D:1      | Found a faded altar of an unknown god.
   881 | D:2      | Reached skill level 3 in Maces & Flails
   966 | D:2      | Found Qafaek's Distillery.
  1073 | D:2      | Found a basalt altar of Yredelemnul.
  1166 | D:2      | Noticed Sigmund
  1173 | D:2      | Killed Sigmund
  1174 | D:2      | Reached skill level 5 in Fighting
  1174 | D:2      | Reached skill level 5 in Maces & Flails
  1174 | D:2      | Reached XP level 3. HP: 14/36 MP: 2/2
  1174 | D:2      | Reached XP level 4. HP: 16/42 MP: 3/3
  1174 | D:2      | Reached XP level 5. HP: 18/48 MP: 4/4
  2052 | D:3      | Noticed Natasha
  2062 | D:3      | Killed Natasha
  2318 | D:3      | Identified the +7 rapier "Deorhue" {elec, +Blink Fly rElec
                  | Int+2}
  2319 | D:3      | Noticed Natasha
  2324 | D:3      | Reached skill level 6 in Maces & Flails
  2328 | D:3      | Killed Natasha
  2580 | D:3      | Reached XP level 6. HP: 56/56 MP: 5/5
  2736 | D:3      | Noticed Natasha
  2743 | D:3      | Killed Natasha
  2803 | D:4      | Noticed Grinder
  2888 | D:4      | Noticed Menkaure
  2896 | D:4      | Killed Menkaure
  2897 | D:4      | Reached skill level 7 in Maces & Flails
  3111 | D:4      | Reached XP level 7. HP: 51/63 MP: 6/6
  3475 | D:4      | Reached skill level 8 in Maces & Flails
  3588 | D:4      | Mangled by an ogre

Illustrated notes

Levels and vault maps discovered:
D:1:      kennysheep_arrival_seaside, layout_loops_ring,
          hellmonk_ecumenical_altar_heavens_door, minivault_23,
          minmay_misc_feat_enclosed, minmay_misc_feat_tiny, st_stairs_12,
          minmay_ruptured
D:2:      layout_basic, serial_shops, shop, basic_altar, uniq_sigmund
D:3:      layout_basic, minmay_diced_spiral, uniq_natasha
D:4:      minmay_evil_eye, layout_basic, interstate_on_off, bh_walls_and_bars,
          uniq_menkaure, uniq_grinder

Skill      XL: |  1  2  3  4  5  6  7 |
---------------+----------------------+-----
Maces & Flails | 5 6 7 8 |  8.0
Fighting       | 5 6 |  6.4
Armour         | |  3.8
Shields        | |  3.9

Action                   |  1- 3 |  4- 6 |  7- 9 || total
-------------------------+-------+-------+-------++-------
Melee: Flail             |    35 |    77 |    28 ||   140
       Headbutt          |     4 |     9 |     6 ||    19
Throw: Dart              |       |       |     3 ||     3
  Use: Potion            |     1 |       |       ||     1
Armor: Scale mail        |    14 |    29 |     9 ||    52
Dodge: Dodged            |    10 |    48 |     9 ||    67
Block: Buckler           |    10 |    19 |     5 ||    34
